 Dungeon Crawl Stone Soup version 0.30.1-11-g7821555f0a (webtiles) character file.

Game seed: 14906880895114556684

2676 Peloso the Carver (level 9, 0/79 HPs)
             Began as a Minotaur Fighter on Dec 23, 2023.
             Was a Believer of Okawaru.
             Succumbed to a killer bee's poison
             ... on level 8 of the Dungeon.
             The game lasted 00:18:46 (7057 turns).

Peloso the Carver (Minotaur Fighter)                Turns: 7057, Time: 00:18:46

Health: 0/79       AC: 11    Str: 20    XL:     9   Next: 37%
Magic:  8/8        EV:  9    Int:  5    God:    Okawaru [**....]
Gold:   320        SH: 11    Dex: 15    Spells: 8/8 levels left

rFire   . . .        a - +0 scimitar
rCold   . . .        c - +0 buckler
rNeg    . . .        z - +0 chain mail
rPois   .            (helmet restricted)
rElec   .            (no cloak)
rCorr   .            (no gloves)
SInv    +            (no boots)
Will    .....        e - amulet of reflection Stlth
                     v - ring of see invisible
HPRegen 0.33/turn    (no ring)
MPRegen 0.11/turn

%: reflection
@: lethally poisoned (0 -> -13)
A: horns 2, retaliatory headbutt
a: Renounce Religion, Heroism


You were on level 8 of the Dungeon.
You worshipped Okawaru.
Okawaru was pleased with you.
You visited 2 branches of the dungeon, and saw 9 of its levels.

You collected 320 gold pieces.

Inventory:

Hand Weapons
 a - a +0 scimitar (weapon)
 b - a +0 long sword
Armour
 c - a +0 buckler (worn)
 z - a +0 chain mail (worn)
Jewellery
 e - an amulet of reflection (around neck)
 o - a ring of fire
 r - an amulet of the acrobat
 v - a ring of see invisible (left hand)
 y - a ring of ice
Wands
 i - a wand of mindburst (11)
Scrolls
 d - 2 scrolls of enchant weapon {unknown}
 f - 3 scrolls of teleportation {unknown}
 h - 2 scrolls of blinking
 j - a scroll of enchant armour {unknown}
 k - 2 scrolls of magic mapping
 l - 3 scrolls of poison
 m - a scroll of butterflies {unknown}
 p - a scroll of vulnerability {unknown}
 x - a scroll of noise {unknown}
Potions
 g - a potion of flight
 n - a potion of brilliance
 q - 4 potions of berserk rage
 t - a potion of haste
 u - a potion of magic
 w - 2 potions of heal wounds
 B - 3 potions of resistance {unknown}


   Skills:
 + Level 7.6 Fighting
 + Level 9.1 Long Blades
 + Level 8.5 Armour
 + Level 3.7 Dodging
 + Level 0.9 Stealth
 + Level 6.8 Shields
 + Level 0.3 Evocations


You had 8 spell levels left.
You didn't know any spells.
Your spell library contained the following spells:

 Spells                   Type           Power      Damage    Failure   Level
 Slow                     Hex            0%         N/A       98%         1
 Confusing Touch          Hex            0%         N/A       100%        3
 Vampiric Draining        Necr           0%         2d6       100%        3


Dungeon Overview and Level Annotations

Branches:
Dungeon (8/15)             Temple (1/1) D:5
   Lair: D:8-11

Altars:
Ashenzari
Fedhas
Gozag
Hepliaklqana
Kikubaaqudgha
Nemelex Xobeh
Okawaru
Trog
Uskayaw
Vehumet


Innate Abilities, Weirdness & Mutations

You have a pair of horns on your head.
You reflexively headbutt those who attack you in melee.


Message History

You hit the killer bee.
You kill the killer bee!
Okawaru accepts your kill.
You feel sick. The killer bee stings you. x2
You block the killer bee's attack.
Unknown command.
You closely miss the killer bee. You headbutt the killer bee.
You kill the killer bee!
Okawaru accepts your kill.
You feel sick. You block the killer bee's attack. x2
The killer bee stings you.
* * * LOW HITPOINT WARNING * * *
Unknown command.
You feel better. The killer bee barely misses you.
You block the killer bee's attack.
The killer bee stings you but does no damage.
You block the killer bee's attack.
You hit the killer bee.
The killer bee is lightly wounded.
You block the killer bee's attack. The killer bee stings you.
* * * LOW HITPOINT WARNING * * *
You are poisoned.
The killer bee poisons you! The killer bee stings you.
* * * LOW HITPOINT WARNING * * *
You are lethally poisoned!
The killer bee poisons you! The killer bee closely misses you.
An orc comes into view. It is wielding a +0 dagger.
The killer bee barely misses you. x2; You furiously retaliate!
You headbutt the killer bee. You hit the killer bee.
Your headbutt misses the killer bee.
The killer bee is heavily wounded.
* * * LOW HITPOINT WARNING * * *
You feel very sick.
The killer bee stings you but does no damage.
The killer bee stings you!
* * * LOW HITPOINT WARNING * * *
An orc warrior comes into view.
It is wielding a +0 mace and wearing a +1 plate armour of fire resistance.
You slash the killer bee! Your headbutt misses the killer bee.
The killer bee is almost dead.
You die...

#<#.##.##.......
####...##.#........
..............###.
##............# ##
#...#.........# #.
##...:.........###.
##....#.............
#..!..#............>
#....#@##..##..........
...# #yy..###..........
.......yo###
###...##### .........#
.#.# ......#.## ###
........# ..o.##..#
...o ..# ... #.>#


You could see an orc warrior, 3 killer bees and 2 orcs.

Vanquished Creatures
  Sigmund (D:2)
  2 wyverns (D:7)
  Menkaure (D:4)
  A water moccasin (D:7)
  An ice beast (D:7)
  A black bear (D:6)
  A sky beast (D:6)
  An ogre (D:5)
  A centaur (D:6)
  2 phantoms
  A scorpion (D:5)
  8 wights
  2 killer bees (D:8)
  A centaur zombie (D:4)
  3 hounds
  2 jellies
  2 orc priests
  A gnoll bouda (D:7)
  3 iguanas
  2 sleepcaps
  6 orc wizards
  7 gnolls
  6 adders
  A shadow imp (D:5)
  2 white imps
  3 adder zombies (D:4)
  An adder skeleton (D:4)
  3 worms (D:2)
  3 dart slugs
  29 orcs
  7 ball pythons
  6 endoplasms
  2 giant cockroaches (D:4)
  3 goblins
  10 hobgoblins
  4 jackals (D:1)
  5 quokkas
  5 bats
  7 frilled lizards
  5 kobolds
  7 rats
159 creatures vanquished.

Notes
Turn   | Place    | Note
-------+----------+-------------------------------------------
     0 | D:1      | Peloso the Minotaur Fighter began the quest for the Orb.
     0 | D:1      | Reached XP level 1. HP: 19/19 MP: 0/0
   114 | D:1      | Reached XP level 2. HP: 26/27 MP: 1/1
   715 | D:2      | Reached XP level 3. HP: 30/33 MP: 2/2
   902 | D:2      | Found a faded altar of an unknown god.
  1016 | D:2      | Noticed Sigmund
  1040 | D:2      | Killed Sigmund
  1041 | D:2      | Reached skill level 4 in Long Blades
  1041 | D:2      | Reached skill level 5 in Armour
  1041 | D:2      | Reached skill level 1 in Dodging
  1041 | D:2      | Reached XP level 4. HP: 11/41 MP: 3/3
  1041 | D:2      | Reached XP level 5. HP: 13/47 MP: 4/4
  1968 | D:3      | Reached skill level 5 in Fighting
  2008 | D:3      | Reached XP level 6. HP: 52/56 MP: 5/5
  2282 | D:3      | You fall into a shaft and drop 3 floors!
  2322 | D:6      | Found a bloodstained altar of Trog.
  2352 | D:6      | Noticed a sky beast
  2369 | D:6      | Killed a sky beast
  2370 | D:6      | Reached skill level 5 in Long Blades
  2599 | D:5      | Entered Level 5 of the Dungeon
  2601 | D:5      | Found a staircase to the Ecumenical Temple.
  2628 | Temple   | Entered the Ecumenical Temple
  2759 | Temple   | Became a worshipper of Warmaster Okawaru
  2815 | D:5      | Reached XP level 7. HP: 52/61 MP: 6/6
  2853 | D:5      | Found a hide-covered altar of Uskayaw.
  2895 | D:5      | Reached skill level 6 in Long Blades
  2955 | D:5      | Reached * piety under Okawaru
  3204 | D:4      | Identified the ring "Goaghaz" {Ice rPois Str+3 Dex+2
                  | Slay-6}
  3300 | D:4      | Reached skill level 5 in Shields
  3344 | D:4      | Noticed Menkaure
  3629 | D:4      | Killed Menkaure
  3630 | D:4      | Reached XP level 8. HP: 38/70 MP: 7/7
  3755 | D:4      | Found an opulent altar of Gozag.
  3945 | D:4      | Found a radiant altar of Vehumet.
  3974 | D:4      | Identified the +3 ring mail of Ifonifa {-Tele rN+++ MP+9}
  4698 | D:5      | Found a blossoming altar of Fedhas.
  4764 | D:6      | Reached skill level 7 in Long Blades
  5292 | D:7      | Reached ** piety under Okawaru
  5421 | D:7      | Reached skill level 8 in Long Blades
  6087 | D:7      | Reached XP level 9. HP: 68/79 MP: 8/8
  6977 | D:8      | Reached skill level 9 in Long Blades
  7056 | D:8      | HP: 3/79 [killer bee (8)]
  7057 | D:8      | Succumbed to a killer bee's poison

Illustrated notes

Levels and vault maps discovered:
D:1:      nicolae_arrival_memento_mori, layout_loops_cross
D:2:      layout_basic, basic_ecumenical_altar, grunt_decor_junction,
          minmay_misc_feat_plants, grunt_ministairs_15, minmay_hedge_maze,
          minmay_misc_feat_secret_circle, uniq_sigmund
D:3:      layout_rooms, hangedman_decor_lopped, kennysheep_small_spiral
D:4:      layout_cave_pools, kennysheep_little_box, nicolae_gozag_seed_capital,
          serial_undead, serial_undead_c, serial_undead_c, serial_undead_d,
          serial_undead_a, hex_medium, uniq_menkaure
D:5:      layout_gridville, lemuel_tele_altar,
          mainiacjoe_overflow_concentric_impassable,
          minmay_temple_entry_overgrown
D:6:      nicolae_cairo_tiling_large_dashed, layout_rooms, marbit_many_paths
D:7:      layout_gridville, minmay_strange_pillars
D:8:      layout_rooms, overflow_temple_1_default,
          mainiacjoe_overflow_tiny_flanked, elyvilon_altar_3
Temple:   hellmonk_temple_flake

Skill      XL: |  1  2  3  4  5  6  7  8  9 |
---------------+----------------------------+-----
Armour         | 4 5 6 7 8 |  8.5
Shields        | 4 5 6 |  6.8
Fighting       | 4 5 6 7 |  7.6
Long Blades    | 4 5 6 8 9 |  9.1
Dodging        | 1 2 3 |  3.7
Stealth        | |  0.9
Evocations     | |  0.3

Action                     |  1- 3 |  4- 6 |  7- 9 || total
---------------------------+-------+-------+-------++-------
  Melee: Long sword        |    97 |    99 |   271 ||   467
         Headbutt          |    13 |    10 |    77 ||   100
         Scimitar          |       |       |    64 ||    64
  Evoke: Wand              |       |       |     5 ||     5
    Use: Potion            |     5 |       |     1 ||     6
         Scroll            |       |       |     8 ||     8
 Armour: Scale mail        |    47 |    53 |    56 ||   156
         Chain mail        |       |       |    62 ||    62
  Dodge: Dodged            |    35 |    43 |   144 ||   222
  Block: Buckler           |    23 |    19 |   189 ||   231
         Reflection        |       |       |     4 ||     4
